 Dungeon Crawl Stone Soup version 0.32-a0-131-g9dbbe29261 (webtiles) character file.

Game seed: 2981886452559138613

408 Dittersdorf the Shield-Bearer (level 6, 0/40 HPs)
             Began as a Gargoyle Fighter on Feb 8, 2024.
             Killed from afar by a white imp (6 damage)
             ... with a puff of frost
             ... on level 6 of the Dungeon.
             The game lasted 00:02:24 (2075 turns).

Dittersdorf the Shield-Bearer (Gargoyle Fighter)    Turns: 2075, Time: 00:02:24

Health: 0/40       AC: 16    Str: 22    XL:     6   Next: 88%
Magic:  6/6        EV:  8    Int:  8    God:
Gold:   147        SH:  4    Dex:  9    Spells: 5/5 levels left

rFire   . . .        a - +0 flail
rCold   . . .        c - +0 buckler
rNeg    + . .        i - +0 chain mail
rPois   ∞            (no helmet)
rElec   +            (no cloak)
rCorr   .            q - +1 pair of gloves
SInv    .            (no boots)
Will    .....        (no amulet) Stlth
                     (no ring)
HPRegen 0.26/turn    (no ring)
MPRegen 0.10/turn

%: no passive effects
@: no status effects
A: sickness immunity, AC +4, negative energy resistance 1, electricity
resistance, torment resistance 1, petrification resistance
a: no special abilities


You were on level 6 of the Dungeon.
You visited 1 branch of the dungeon, and saw 5 of its levels.

You collected 147 gold pieces.

Inventory:

Hand Weapons
 a - a +0 flail (weapon)
Armour
 c - a +0 buckler (worn)
 i - a +0 chain mail (worn)
 q - a +1 pair of gloves (worn)
Potions
 d - a potion of might
 f - a potion of mutation
 g - 2 potions of attraction {unknown}
 h - a potion of degeneration {unknown}
 j - a potion of resistance {unknown}
 n - a potion of magic {unknown}
 o - a potion of ambrosia {unknown}
 p - a potion of curing
 r - a potion of heal wounds


   Skills:
 + Level 4.9 Fighting
 + Level 3.8 Maces & Flails
 + Level 5.0 Armour
 + Level 5.0 Shields


You had 5 spell levels left.
You didn't know any spells.
Your spell library contained the following spells:

 Spells                   Type           Power      Damage    Failure   Level
 Slow                     Hex            0%         N/A       97%         1
 Confusing Touch          Hex            0%         N/A       100%        3
 Sigil of Binding         Hex            0%         N/A       100%        3
 Vampiric Draining        Necr           0%         2d6       100%        3


Dungeon Overview and Level Annotations

Branches:
Dungeon (6/15)             Temple (0/1) D:4

Altars:

Annotations:
D:3 3 runed translucent doors, Posi's ghost, amateur GrEE


Innate Abilities, Weirdness & Mutations

You are immune to sickness and miasma.
Your stone body is resilient. (AC +4)
You are immune to poison.
You resist negative energy. (rN+)
You are resistant to electric shocks. (rElec)
You are resistant to unholy torment.
You are immune to petrification.


Message History

* * * LOW HITPOINT WARNING * * *
You barely miss the black bear.
The black bear is almost dead.
The black bear goes berserk!
You hit the black bear but do no damage.
The black bear is almost dead.
The black bear bites you but does no damage.
The black bear barely misses you. You block the black bear's attack. x2
The black bear claws you.
* * * LOW HITPOINT WARNING * * *
The black bear closely misses you.
You hit the black bear.
You kill the black bear!
The iguana bites you.
* * * LOW HITPOINT WARNING * * *
You barely miss the iguana.
The iguana is heavily wounded.
The iguana bites you but does no damage.
You closely miss the iguana.
The iguana is heavily wounded.
The iguana bites you.
* * * LOW HITPOINT WARNING * * *
You closely miss the iguana.
The iguana is heavily wounded.
The iguana barely misses you.
You sock the iguana!
You kill the iguana!
Your Armour skill increases to level 5!
Your Shields skill increases to level 5!
You hit the white imp.
The white imp is lightly wounded.
The white imp completely misses you.
You barely miss the white imp.
The white imp is lightly wounded.
The white imp hits you but does no damage.
You hit the white imp but do no damage.
The white imp is lightly wounded.
The white imp gestures at you. The puff of frost hits you.
You die...

#.######.######
..######.######
.#######.######
.######..######
.#####..#######
###.## ##....#
######.....#
#..@5......#
......####.#...#
.#### #.##.##
#.# .# #.# .#
#5# .# ..# .##


You could see a white imp.

Vanquished Creatures
  A black bear (D:6)
  A phantom (D:6)
  A wight (D:3)
  An orc priest (D:3)
  An iguana (D:6)
  Jessica (D:3)
  3 adders (D:2)
  A ribbon worm (D:2)
  3 dart slugs
  5 orcs (D:3)
  5 ball pythons
  4 endoplasms
  3 giant cockroaches
  9 goblins
  7 hobgoblins
  6 kobolds
  4 bats
  2 frilled lizards
  6 rats
64 creatures vanquished.

Notes
Turn   | Place    | Note
-------+----------+-------------------------------------------
     0 | D:1      | Dittersdorf the Gargoyle Fighter began the quest for the
                  | Orb.
     0 | D:1      | Reached XP level 1. HP: 14/14 MP: 1/1
   233 | D:1      | Reached XP level 2. HP: 19/19 MP: 2/2
   403 | D:1      | Reached XP level 3. HP: 22/23 MP: 3/3
   952 | D:2      | Reached XP level 4. HP: 23/29 MP: 4/4
  1493 | D:3      | Found a runed translucent gate.
  1493 | D:3      | Found a runed translucent gate.
  1493 | D:3      | Found a runed translucent gate.
  1495 | D:3      | Noticed Posi's ghost (amateur GrEE)
  1669 | D:3      | Noticed Jessica
  1676 | D:3      | Killed Jessica
  1677 | D:3      | Reached XP level 5. HP: 26/33 MP: 5/5
  1846 | D:3      | Found a faded altar of an unknown god.
  1846 | D:3      | Found the Hermit's Pendant {Faith Invo=14 Evo=0 MP+5}
  2005 | D:4      | You fall into a shaft and drop 2 floors!
  2029 | D:6      | Noticed a phantom
  2030 | D:6      | Noticed a black bear
  2049 | D:6      | Killed a phantom
  2050 | D:6      | Reached XP level 6. HP: 25/39 MP: 6/6
  2068 | D:6      | Killed a black bear
  2073 | D:6      | Reached skill level 5 in Armour
  2073 | D:6      | Reached skill level 5 in Shields
  2075 | D:6      | Killed from afar by a white imp

Illustrated notes

Levels and vault maps discovered:
D:1:      heliophobic_arrival_dark_side_of_the_moon, layout_loops_ring
D:2:      layout_basic, minmay_pentomino_v2
D:3:      layout_basic, gammafunk_ghost_necromancy,
          hellmonk_guarded_unrand_hermit, uniq_jessica
D:4:      layout_loops_ring, minmay_temple_entry_hall, gup_sewer_entry_spiral,
          uniq_duvessa, uniq_robin, uniq_grinder
D:6:      layout_rooms

Skill      XL: |  1  2  3  4  5  6 |
---------------+-------------------+-----
Shields        | 4 5 |  5.0
Armour         | 4 5 |  5.0
Fighting       | 4 |  4.9
Maces & Flails | 3 |  3.8

Action                     |  1- 3 |  4- 6 || total
---------------------------+-------+-------++-------
  Melee: Flail             |   112 |   120 ||   232
    Use: Scroll            |       |     7 ||     7
 Armour: Scale mail        |    42 |       ||    42
         Chain mail        |    39 |   148 ||   187
  Dodge: Dodged            |    67 |    67 ||   134
  Block: Buckler           |    23 |    41 ||    64

Table legend: (Time is in decaauts)
 A = Elapsed time spent in this place.
 B = Non-inter-level travel time spent in this place.
 C = Inter-level travel time spent in this place.
 D = Time resting spent in this place.
 E = Time spent auto-exploring this place.
 F = Levels seen in this place.
 G = Mean time per level.
                   A        B        C        D        E       F      G
               +--------+--------+--------+--------+--------+-----+--------+
         Total |   2141 |   2087 |     54 |    100 |   1454 |   5 |  428.2 |
       Dungeon |   2141 |   2087 |     54 |    100 |   1454 |   5 |  428.2 |
               +--------+--------+--------+--------+--------+-----+--------+

Top non-repeatable levels by time:
     D:2: 874 daAuts
     D:1: 656 daAuts
     D:3: 529 daAuts
     D:6: 78 daAuts
     D:4: 1 daAuts
